Map: Ever Dream LE

Players

redleaf

  • Race: Protoss Protoss
  • League: Platinum
  • Spawn Location: 1:00

latecomer - Winner!

  • Race: Zerg Zerg
  • League: Platinum
  • Spawn Location: 7:00

VOD

Have the link to the VOD?

Description

Time

  • Played on: May 5, 2020, 11:24 p.m.
  • Length: 5:24
Show
View Real Time Build Order
Export as new Build Order

redleaf Protoss 

Build Orders: 1 Gate Expand 

Get SALT Encoding   

  12  0:01  Probe  
  13  0:13  Probe  
  14  0:20  Pylon  
  14  0:25  Probe  
  15  0:38  Probe (Chrono Boost)  
  16  0:49  Gateway  
  16  0:52  Probe (Chrono Boost)  
  17  0:57  Assimilator  
  17  1:04  Probe (Chrono Boost)  
  18  1:13  Probe (Chrono Boost)  
  19  1:28  Nexus  
  19  1:37  Probe  
  20  1:47  Cybernetics Core  
  20  1:49  Probe  
  21  1:59  Pylon  
  21  2:01  Probe  
  22  2:13  Gateway  
  22  2:14  Probe  
  23  2:17  Assimilator  
  23  2:22  Warp Gate (Chrono Boost)  
  23  2:24  Adept  
  23  2:27  Probe  
  26  2:38  Pylon  
  26  2:40  Probe (Chrono Boost)  
  28  2:44  Probe (Chrono Boost)  
  28  2:50  Probe (Chrono Boost)  
  29  2:53  Probe (Chrono Boost)  
  29  2:57  Robotics Facility  
  30  2:59  Adept  
  30  3:04  Probe  
  34  3:05  Probe  
  34  3:16  Probe  
  34  3:18  Probe  
  36  3:20  Twilight Council  
  36  3:25  Adept  
  37  3:28  Probe  
  37  3:32  Probe  
  39  3:36  Gateway  
  39  3:43  Pylon  
  39  3:46  Pylon  
  37  3:53  Probe  
  36  4:03  Stalker  
  36  4:07  Zealot  
  38  4:10  Pylon  
  38  4:14  Warp Prism (Chrono Boost)  
  25  4:32  Pylon  
  18  4:44  Zealot x2  
Show
View Real Time Build Order
Export as new Build Order

latecomer Zerg - Winner!

Build Orders: Hatch First 

Get SALT Encoding   

  12  0:01  Drone  
  13  0:12  Overlord  
  13  0:17  Drone  
  14  0:31  Drone x2  
  16  0:52  Hatchery, Drone  
  16  0:57  Drone  
  16  0:59  Drone  
  18  1:14  Extractor  
  18  1:17  Spawning Pool  
  16  1:19  Drone  
  16  1:22  Drone  
  18  1:30  Drone  
  19  1:39  Drone  
  20  1:49  Drone  
  21  2:01  Overlord  
  21  2:04  Queen  
  21  2:05  Queen  
  25  2:08  Drone  
  26  2:16  Zergling x4  
  28  2:26  Metabolic Boost  
  28  2:31  Zergling x2, Drone  
  30  2:45  Zergling x4  
  30  2:46  Zergling x2  
  33  2:52  Overlord  
  33  2:55  Zergling x2  
  34  3:10  Zergling x4  
  34  3:11  Zergling x2  
  37  3:16  Zergling x2  
  38  3:21  Zergling x2  
  38  3:22  Zergling x10  
  44  3:27  Overlord  
  44  3:39  Zergling x2  
  43  3:47  Zergling x6  
  43  4:02  Zergling x2  
  43  4:03  Zergling x14  
  50  4:13  Drone  
  50  4:28  Zergling x6  
  48  4:36  Zergling x4  
  45  4:52  Drone x2  
  43  5:04  Zergling x4  
Tags
 
Add a new tag
Caveats
  • Supply blocks, unpowered buildings, or Contaminate may cause inaccurate times.
  • Supply counts are checked every 10 seconds.